 Dungeon Crawl Stone Soup version 0.31-a0-174-g85c54bcb58 (webtiles) character file.

Game seed: 13994939271694377738

148 Faragor the Conjurer (level 5, -2/28 HPs)
             Began as a Deep Elf Conjurer on June 16, 2023.
             Slain by an orc
             ... wielding a +0 dagger
              (3 damage)
             ... on level 6 of the Dungeon.
             The game lasted 00:09:17 (3385 turns).

Faragor the Conjurer (Deep Elf Conjurer)            Turns: 3385, Time: 00:09:18

Health: -2/28      AC: -1    Str:  4    XL:     5   Next: 8%
Magic:  6/13       EV: 12    Int: 25    God:
Gold:   135        SH:  0    Dex: 13    Spells: 3/13 levels left

rFire   . . .        g - staff of conjuration
rCold   . . .        (no shield)
rNeg    . . .        a - +0 robe
rPois   .            (no helmet)
rElec   .            (no cloak)
rCorr   .            (no gloves)
SInv    .            n - +0 pair of boots
Will    .....        k - amulet of the acrobat
Stlth   +++          f - ring of wizardry
HPRegen 0.24/turn    (no ring)
MPRegen 0.13/turn

%: acrobat, wizardry (x1)
@: corroded
A: no striking features
a: no special abilities


You were on level 6 of the Dungeon.
You visited 1 branch of the dungeon, and saw 6 of its levels.

You collected 135 gold pieces.

Inventory:

Hand Weapons
 h - a +0 short sword
 o - a +0 dagger of electrocution
Armour
 a - a +0 robe (worn)
 n - a +0 pair of boots (worn)
Magical Staves
 g - a staff of conjuration (weapon)
Jewellery
 f - a ring of wizardry (left hand)
 k - an amulet of the acrobat (around neck)
Scrolls
 c - a scroll of teleportation {unknown}
 d - a scroll of revelation {unknown}
 e - a scroll of identify
 l - a scroll of blinking {unknown}
 m - a scroll of poison {unknown}
Potions
 b - a potion of magic
 i - a potion of enlightenment {unknown}
 j - a potion of lignification


   Skills:
 - Level 3.0 Dodging
 + Level 4.4 Stealth
 + Level 4.5 Spellcasting
 + Level 5.3 Conjurations


You had 3 spell levels left.
You knew the following spells:

 Your Spells              Type           Power      Damage    Failure   Level
a - Magic Dart            Conj           100%       1d8       1%          1
b - Searing Ray           Conj           96%        2d7       1%          2
c - Fulminant Prism       Conj/Hex       14%        3d8       12%         4
d - Mephitic Cloud        Conj/Pois/Air  21%        N/A       4%          3

Your spell library contained the following spells:

 Spells                   Type           Power      Damage    Failure   Level
 Dazzling Flash           Conj/Hex       56%        N/A       3%          3
 Cigotuvi's Dreadful Rot  Necr/Pois/Air  10%        N/A       5%          2
 Poisonous Vapours        Pois/Air       10%        N/A       5%          2
 Iskenderun's Mystic Bla  Conj/Tloc      28%        2d7       12%         4
 Dispel Undead            Necr           5%         3d7       32%         4
 Freezing Cloud           Conj/Ice/Air   10%        6-21      41%         5
 Death Channel            Necr           2%         N/A       99%         6


Dungeon Overview and Level Annotations

Branches:
Dungeon (6/15)
 Temple: D:4-7

Altars:
Qazlal

Shops:
D:3 *

Annotations:
D:6 1 runed translucent door


Message History

There is a stone staircase leading up here.
You climb upwards.
The jelly quivers.
There is a stone staircase leading down here.
Casting: Searing Ray (safe; 1% risk of failure)
Confirm with . or Enter, or press ? or * to list all spells.
The spell is quite dangerous to miscast (4% risk of failure)!
Continue anyway?
Aiming: Mephitic Cloud (quite dangerous; 4% risk of failure)
Press: ? - help, Shift-Dir - straight line You feel a surge of power!
The ball explodes into a vile cloud!
The stinking cloud engulfs the sleepcap but does no damage.
The jelly closely misses you.
Casting: Mephitic Cloud (quite dangerous; 4% risk of failure)
Confirm with . or Enter, or press ? or * to list all spells.
Aiming: Searing Ray (safe; 1% risk of failure)
Press: ? - help, Shift-Dir - straight line You feel a surge of power!
The searing ray hits the sleepcap.
The sleepcap is lightly damaged. (Press . to maintain the ray.)
The jelly barely misses you. The sleepcap barely misses you.
The searing ray hits the sleepcap.
The sleepcap is moderately damaged.
An adder comes into view.
The jelly hits you. The acid corrodes you!
You are splashed with acid!
The sleepcap misses you.
The searing ray hits the sleepcap.
The sleepcap is moderately damaged.
The jelly hits you.
You are splashed with acid!
The sleepcap misses you.
The searing ray hits the sleepcap!
The sleepcap is almost destroyed.
You finish channelling your searing ray.
The adder completely misses you. The jelly completely misses you.
The sleepcap releases spores at you!
* * * LOW HITPOINT WARNING * * *
The adder barely misses you. The jelly closely misses you.
The sleepcap closely misses you.
You climb downwards.
Level annotation: 1 runed translucent door The orc hits you with a +0 dagger.
You die...

.##...#######.....#
.###### #####.# .#
#.# .#### ##.#
.[..# #..# ###.#
#.####### #.#
#Sf.....# #.#
#o#####.# #.# #@#
#.# #J# #.# #.o
###.# #.#. ....##
#.... ##...# ### .#
...#.# .# .#...###
# ........#


You could see a sleepcap, a jelly, an orc priest, an adder and an orc.

Vanquished Creatures
  3 gnolls (D:4)
  4 adders (D:3)
  A worm (D:2)
  7 dart slugs
  3 orcs (D:3)
  3 bats
  6 endoplasms
  2 giant cockroaches
  8 goblins
  2 hobgoblins
  4 quokkas
  3 ball pythons
  4 frilled lizards
  6 kobolds
  6 rats
62 creatures vanquished.

Vanquished Creatures (collateral kills)
  A kobold (D:3)
1 creature vanquished.

Grand Total: 63 creatures vanquished

Notes
Turn   | Place    | Note
-------+----------+-------------------------------------------
     0 | D:1      | Faragor the Deep Elf Conjurer began the quest for the Orb.
     0 | D:1      | Reached XP level 1. HP: 10/10 MP: 6/6
   260 | D:1      | Reached XP level 2. HP: 15/15 MP: 5/8
   608 | D:1      | Learned a level 2 spell: Searing Ray
   672 | D:1      | Reached XP level 3. HP: 19/19 MP: 7/10
   974 | D:2      | Found a stormy altar of Qazlal.
  2105 | D:3      | Found a faded altar of an unknown god.
  2219 | D:3      | Reached XP level 4. HP: 24/24 MP: 7/12
  2323 | D:3      | Reached skill level 5 in Conjurations
  2528 | D:3      | Found Hirphucawn's General Store.
  2531 | D:3      | Identified 2 scrolls of acquirement
  2532 | D:3      | Acquired a book of Vapours
  2534 | D:3      | Acquired a staff of conjuration
  3069 | D:4      | Reached XP level 5. HP: 13/28 MP: 4/13
  3253 | D:4      | Learned a level 4 spell: Fulminant Prism
  3257 | D:4      | Learned a level 3 spell: Mephitic Cloud
  3323 | D:4      | You fall into a shaft and drop 2 floors!
  3326 | D:6      | Found a runed translucent door.
  3378 | D:5      | Entered Level 5 of the Dungeon
  3383 | D:5      | HP: 1/28 [sleepcap (8)]
  3385 | D:6      | Slain by an orc

Illustrated notes

Levels and vault maps discovered:
D:1:      ebering_hopf_link, layout_basic, minmay_domino_4
D:2:      layout_basic, basic_altar
D:3:      layout_basic, serial_shops, nicolae_shop_tiny_real_fake_doors,
          hellmonk_ecumenical_altar_slurped_away
D:4:      layout_layer_cave, minmay_between
D:5:      layout_basic, serial_shops, nicolae_shop_crystal, shop,
          nicolae_shop_just_a_little_nook, biasface_ghost_orc_armoury
D:6:      layout_loops_cross, ebering_ghost_reflecting_pool,
          uniq_crazy_yiuf_cottage

Skill      XL: |  1  2  3  4 |
---------------+-------------+-----
Stealth        | 3 4 |  4.4
Dodging        | 3 |  3.0
Spellcasting   | 4 |  4.5
Conjurations   | 5 |  5.3

Action                     |  1- 3 |  4- 6 || total
---------------------------+-------+-------++-------
   Cast: Magic Dart        |    71 |    20 ||    91
         Searing Ray       |     7 |    11 ||    18
         Mephitic Cloud    |       |     1 ||     1
    Use: Scroll            |       |     5 ||     5
 Armour: Robe              |     1 |     1 ||     2
  Dodge: Dodged            |       |    17 ||    17

Table legend: (Time is in decaauts)
 A = Elapsed time spent in this place.
 B = Non-inter-level travel time spent in this place.
 C = Inter-level travel time spent in this place.
 D = Time resting spent in this place.
 E = Time spent auto-exploring this place.
 F = Levels seen in this place.
 G = Mean time per level.
                   A        B        C        D        E       F      G
               +--------+--------+--------+--------+--------+-----+--------+
         Total |   3382 |   3275 |    107 |    547 |   2297 |   6 |  563.7 |
       Dungeon |   3382 |   3275 |    107 |    547 |   2297 |   6 |  563.7 |
               +--------+--------+--------+--------+--------+-----+--------+

Top non-repeatable levels by time:
     D:2: 1064 daAuts
     D:3: 1031 daAuts
     D:1: 964 daAuts
     D:4: 260 daAuts
     D:6: 54 daAuts
     D:5: 6 daAuts
